 Dungeon Crawl Stone Soup version 0.27.1-2-g3b301248ec (webtiles) character file.

Game seed: 2125808249270914733

91 Rickety the Conjurer (level 4, -1/32 HPs)
             Began as a Gnoll Conjurer on Oct 2, 2021.
             Slain by a killer bee (5 damage)
             ... on level 3 of the Dungeon.
             The game lasted 00:04:36 (3316 turns).

Rickety the Conjurer (Gnoll Conjurer)               Turns: 3316, Time: 00:04:37

Health: -1/32      AC:  3    Str:  7    XL:     4   Next: 57%
Magic:  6/11       EV: 13    Int: 18    God:
Gold:   158        SH:  0    Dex: 10    Spells: 10/13 levels left

rFire    . . .     SeeInvis .   c - +0 dagger (elec)
rCold    . . .     Faith    .   (no shield)
rNeg     . . .     Spirit   .   a - +0 robe
rPois    .         Reflect  .   (no helmet)
rElec    .         Harm     .   (no cloak)
rCorr    .         Rampage  .   (no gloves)
Will     .....                  l - +0 pair of boots
Stlth    ++........             (no amulet)
HPRegen  0.10/turn              (no ring)
MPRegen  0.12/turn              (no ring)

@: lethally poisoned (-1 -> -10)
A: fangs 1, strong nose, distributed training
a: no special abilities


You were on level 3 of the Dungeon.
You visited 1 branch of the dungeon, and saw 4 of its levels.

You collected 158 gold pieces.

Inventory:

Hand Weapons
 c - a +0 dagger of electrocution (weapon)
Missiles
 d - 5 javelins
Armour
 a - a +0 robe (worn)
 l - a +0 pair of boots (worn)
Scrolls
 e - a scroll of blinking {unknown}
 g - 4 scrolls of acquirement {unknown}
 h - 2 scrolls of amnesia {unknown}
 k - a scroll of enchant weapon {unknown}
 n - a scroll of teleportation {unknown}
 o - a scroll of immolation {unknown}
Potions
 b - 2 potions of degeneration {unknown}
 f - 2 potions of mutation {unknown}
 i - a potion of flight {unknown}
 j - 2 potions of might {unknown}
 m - a potion of curing {unknown}


   Skills:
 + Level 1.2 Fighting
 + Level 1.2 Short Blades
 + Level 1.2 Long Blades
 + Level 1.2 Axes
 + Level 1.2 Maces & Flails
 + Level 1.2 Polearms
 + Level 1.2 Staves
 + Level 1.2 Slings
 + Level 1.2 Bows
 + Level 1.2 Crossbows
 + Level 1.2 Throwing
 + Level 1.2 Armour
 + Level 4.6 Dodging
 + Level 4.3 Stealth
 + Level 1.2 Shields
 + Level 1.2 Unarmed Combat
 + Level 5.1 Spellcasting
 + Level 7.1 Conjurations
 + Level 1.0 Hexes
 + Level 1.0 Summonings
 + Level 1.0 Necromancy
 + Level 1.0 Translocations
 + Level 1.0 Transmutations
 + Level 1.0 Fire Magic
 + Level 1.0 Ice Magic
 + Level 1.0 Air Magic
 + Level 1.0 Earth Magic
 + Level 1.0 Poison Magic
 + Level 1.3 Invocations
 + Level 1.2 Evocations


You had 10 spell levels left.
You knew the following spells:

 Your Spells              Type           Power      Damage    Failure   Level
a - Magic Dart            Conj           100%       1d8       1%          1
r - Searing Ray           Conj           60%        3d5       1%          2

Your spell library contained the following spells:

 Spells                   Type           Power      Damage    Failure   Level
 Dazzling Flash           Conj/Hex       38%        N/A       8%          3
 Fulminant Prism          Conj/Hex       9%         3d7       24%         4
 Iskenderun's Mystic Bla  Conj/Tloc      19%        2d6       24%         4


Dungeon Overview and Level Annotations

Branches:
Dungeon (4/15)
 Temple: D:4-7

Altars:
Gozag


Innate Abilities, Weirdness & Mutations

You have very sharp teeth.
Your uncanny sense of smell can sniff out nearby items.
Your experience applies equally to all skills.


Message History

The killer bee buzzes angrily. x2; You hear an angry buzzing noise.
A killer bee comes into view.
The phantom misses you.
A ball python comes into view.
There is an escape hatch in the ceiling here.
Unknown command.
The phantom hits you.
The phantom blinks!
You blink.
You stop ascending the stairs.
Unknown command.
The phantom hits you.
There is an escape hatch in the ceiling, spattered with blood here.
The killer bee stings you.
You are poisoned.
The killer bee poisons you! The killer bee closely misses you.
The killer bee stings you.
The killer bee stings you but does no damage.
The killer bee stings you.
You are lethally poisoned!
The killer bee poisons you! The phantom misses you.
A mysterious force pulls you upwards. The hatch slams shut behind you.
* * * LOW HITPOINT WARNING * * *
You feel very sick.
You see here a +0 chain mail.
Unknown command.
Casting: Searing Ray (safe; 1% risk of failure)
Confirm with . or Enter, or press ? or * to list all spells.
You don't know that spell.
Casting: Searing Ray (safe; 1% risk of failure)
Confirm with . or Enter, or press ? or * to list all spells.
Aiming: Searing Ray (safe; 1% risk of failure)
Press: ? - help, Shift-Dir - straight line, f - killer bee
Aim: a killer bee (58% to hit)
The searing ray hits the killer bee.
The killer bee is heavily wounded.
The searing ray hits the phantom.
The phantom is heavily damaged. (Press . to maintain the ray.)
* * * LOW HITPOINT WARNING * * *
You feel sick. The killer bee misses you. The killer bee stings you.
You die...

### ##############.#
#..............#
#.############.# #.# #W# #.#
#y# ###.######### #@#
..#.##......####y###########
..................>........#
###.##......####.########.##
....##......# #.#......#.#
...###......####.#.####.#.#
.....'......'....#...<#.#.#
...###......###########.#.#
#### ##.................#.#


You could see a phantom and 2 killer bees.

Vanquished Creatures
  3 gnolls (D:2)
  An adder (D:3)
  A dart slug (D:3)
  6 ball pythons
  3 bats
  6 endoplasms
  2 giant cockroaches (D:3)
  5 goblins
  4 hobgoblins
  3 jackals (D:1)
  4 kobolds
  A quokka (D:1)
  2 frilled lizards
  5 rats
46 creatures vanquished.

Vanquished Creatures (others)
  A plant (D:1)
1 creature vanquished.

Grand Total: 47 creatures vanquished

Notes
Turn   | Place    | Note
-------+----------+-------------------------------------------
     0 | D:1      | Rickety the Gnoll Conjurer began the quest for the Orb.
     0 | D:1      | Reached XP level 1. HP: 13/13 MP: 6/6
   332 | D:1      | Reached XP level 2. HP: 19/19 MP: 4/7
   335 | D:1      | Learned a level 2 spell: Searing Ray
  1175 | D:2      | Reached skill level 5 in Spellcasting
  1175 | D:2      | Reached XP level 3. HP: 20/25 MP: 4/9
  1177 | D:2      | Reached skill level 1 in Fighting
  1177 | D:2      | Reached skill level 1 in Short Blades
  1177 | D:2      | Reached skill level 1 in Long Blades
  1177 | D:2      | Reached skill level 1 in Axes
  1177 | D:2      | Reached skill level 1 in Maces & Flails
  1177 | D:2      | Reached skill level 1 in Polearms
  1177 | D:2      | Reached skill level 1 in Staves
  1177 | D:2      | Reached skill level 1 in Slings
  1177 | D:2      | Reached skill level 1 in Bows
  1177 | D:2      | Reached skill level 1 in Crossbows
  1177 | D:2      | Reached skill level 1 in Throwing
  1177 | D:2      | Reached skill level 1 in Armour
  1177 | D:2      | Reached skill level 1 in Shields
  1177 | D:2      | Reached skill level 1 in Unarmed Combat
  1177 | D:2      | Reached skill level 1 in Invocations
  1177 | D:2      | Reached skill level 1 in Evocations
  1201 | D:2      | Found an opulent altar of Gozag.
  1423 | D:2      | Reached XP level 4. HP: 32/32 MP: 9/11
  2302 | D:3      | Found a faded altar of an unknown god.
  3082 | D:3      | Reached skill level 1 in Hexes
  3082 | D:3      | Reached skill level 1 in Summonings
  3082 | D:3      | Reached skill level 1 in Necromancy
  3082 | D:3      | Reached skill level 1 in Translocations
  3082 | D:3      | Reached skill level 1 in Transmutations
  3082 | D:3      | Reached skill level 1 in Fire Magic
  3082 | D:3      | Reached skill level 1 in Ice Magic
  3082 | D:3      | Reached skill level 1 in Air Magic
  3082 | D:3      | Reached skill level 1 in Earth Magic
  3082 | D:3      | Reached skill level 1 in Poison Magic
  3305 | D:4      | Noticed a phantom
  3316 | D:3      | Slain by a killer bee

Illustrated notes

Levels and vault maps discovered:
D:1:      dpeg_arrival_stone_temple_mockup, layout_loops_ring,
          serial_bayou_pond_a, minmay_tree_intersection, minmay_liquid_box
D:2:      layout_loops_ring, basic_altar, minmay_misc_feat_iff,
          roderic_cross_of_infinity
D:3:      layout_basic, ebering_ecumenical_altar_hall
D:4:      layout_basic, nemelex_spade_bored_becter, serial_shops,
          nicolae_take_the_stairs, st_stairs_4, uniq_duvessa

Skill      XL: |  1  2  3  4 |
---------------+-------------+-----
Spellcasting   | 5 |  5.1
Fighting       | 1 |  1.2
Short Blades   | 1 |  1.2
Long Blades    | 1 |  1.2
Axes           | 1 |  1.2
Maces & Flails | 1 |  1.2
Polearms       | 1 |  1.2
Staves         | 1 |  1.2
Slings         | 1 |  1.2
Bows           | 1 |  1.2
Crossbows      | 1 |  1.2
Throwing       | 1 |  1.2
Armour         | 1 |  1.2
Shields        | 1 |  1.2
Unarmed Combat | 1 |  1.2
Invocations    | 1 |  1.3
Evocations     | 1 |  1.2
Hexes          | 1 |  1.0
Summonings     | 1 |  1.0
Necromancy     | 1 |  1.0
Translocations | 1 |  1.0
Transmutations | 1 |  1.0
Fire Magic     | 1 |  1.0
Ice Magic      | 1 |  1.0
Air Magic      | 1 |  1.0
Earth Magic    | 1 |  1.0
Poison Magic   | 1 |  1.0
Dodging        | |  4.6
Stealth        | |  4.3
Conjurations   | |  7.1

Action                   |  1- 3 |  4- 6 || total
-------------------------+-------+-------++-------
Melee: Dagger            |     5 |       ||     5
       Unarmed           |     2 |       ||     2
 Cast: Magic Dart        |    34 |    33 ||    67
       Searing Ray       |     2 |     2 ||     4
Armor: Robe              |       |     1 ||     1
Dodge: Dodged            |    17 |     5 ||    22
